Map: Submarine LE

Players

Gondou

  • Race: Zerg Zerg
  • League: Diamond
  • Spawn Location: 11:00

Massa - Winner!

  • Race: Terran Terran
  • League: Platinum
  • Spawn Location: 5:00

VOD

Have the link to the VOD?

Description

Time

  • Played on: Dec. 29, 2020, 12:21 p.m.
  • Length: 17:37
Show
View Real Time Build Order
Export as new Build Order

Gondou Zerg 

Build Orders: Hatch First 

Get SALT Encoding   

  12  0:00  Drone  
  13  0:14  Overlord  
  13  0:17  Drone  
  14  0:32  Drone x2  
  16  0:36  Drone  
  17  0:55  Hatchery  
  16  0:57  Drone  
  17  1:08  Spawning Pool  
  16  1:11  Extractor  
  16  1:13  Drone  
  16  1:16  Drone  
  17  1:38  Overlord  
  17  1:48  Drone  
  18  2:04  Drone x2  
  18  2:05  Queen, Drone  
  18  2:07  Queen  
  25  2:27  Drone x2  
  25  2:28  Drone x2  
  29  2:37  Zergling x4  
  29  2:39  Overlord  
  31  2:51  Queen x2  
  31  2:54  Metabolic Boost  
  35  3:01  Drone x4  
  39  3:08  Evolution Chamber x2  
  37  3:13  Drone x2  
  37  3:15  Spine Crawler  
  38  3:20  Drone  
  38  3:25  Overlord  
  38  3:27  Overlord  
  39  3:28  Drone  
  40  3:53  Zergling x4  
  40  3:54  Zergling x8  
  46  4:00  Baneling Nest  
  45  4:08  Zerg Ground Armor Level 1  
  45  4:11  Zerg Melee Weapons Level 1  
  45  4:13  Drone x4  
  45  4:16  Zergling x2  
  50  4:26  Drone x2  
  52  4:35  Drone  
  52  4:36  Extractor  
  52  4:58  Pneumatized Carapace  
  52  5:00  Drone x3  
  52  5:01  Zergling x8  
  59  5:16  Zergling x2  
  59  5:17  Overlord x4  
  60  5:22  Lair  
  56  5:43  Hatchery  
  55  5:53  Queen  
  57  6:08  Zergling x12  
  57  6:09  Zergling x12  
  57  6:10  Drone  
  57  6:11  Drone  
  71  6:27  Centrifical Hooks  
  71  6:29  Queen  
  70  7:20  Zergling x16  
  70  7:21  Zergling x4  
  80  7:42  Hatchery  
  78  7:48  Hatchery  
  77  7:52  Spire  
  77  7:56  Extractor  
  75  7:59  Extractor  
  75  8:00  Drone x3  
  75  8:02  Drone x3  
  80  8:07  Baneling x7  
  80  8:08  Baneling x4  
  80  8:26  Zerg Melee Weapons Level 2  
  80  8:28  Zerg Ground Armor Level 2  
  80  8:29  Queen x2  
  84  8:55  Drone x6  
  89  8:56  Drone x4  
  94  9:05  Queen x2  
  95  9:23  Queen  
  95  9:24  Queen  
  98  9:31  Spine Crawler  
  98  9:33  Spine Crawler  
  96  9:39  Drone x5  
  96  9:40  Drone x2  
  103  9:46  Queen  
  103  9:50  Queen  
  95  9:59  Queen x2  
  80  10:01  Zergling x16  
  80  10:02  Zergling x4  
  92  10:07  Mutalisk x2  
  94  10:22  Queen  
  96  10:31  Spine Crawler  
  96  10:33  Spine Crawler  
  96  10:34  Mutalisk x3, Zergling x6  
  103  11:06  Infestation Pit  
  98  11:33  Zergling x4  
  98  11:34  Zergling x8  
  98  11:35  Overlord  
  98  11:36  Overlord x7  
  98  11:37  Overlord x2  
  98  11:39  Zerg Flyer Weapons Level 1  
  104  11:51  Zerg Missile Weapons Level 1  
  104  11:55  Mutalisk x6  
  104  11:56  Mutalisk x3  
  104  11:58  Zergling x10  
  104  11:59  Zergling x12  
  104  12:00  Drone x3  
  136  12:06  Queen  
  136  12:07  Drone x3  
  141  12:16  Mutalisk  
  141  12:17  Mutalisk  
  141  12:20  Drone x7  
  152  12:25  Zergling x8  
  152  12:26  Zergling x2  
  150  12:54  Baneling x5  
  150  12:55  Baneling x7  
  150  12:57  Zergling x8  
  150  12:58  Zergling x16  
  160  12:59  Zergling x8  
  142  13:41  Overseer  
  123  13:53  Mutalisk x4  
  131  14:14  Zergling x6  
  131  14:15  Zergling x16  
  131  14:16  Zergling x6  
  145  14:26  Extractor x2  
  145  14:27  Drone x4  
  145  14:30  Extractor  
  73  15:21  Zergling x12  
  72  15:22  Queen x2, Zergling x12  
  72  15:23  Queen x2  
  83  15:33  Spore Crawler  
  82  15:37  Overlord x2  
  82  15:39  Mutalisk x2  
  86  15:51  Zergling x2  
  86  15:52  Zergling x6  
  90  15:58  Queen x3  
  98  16:11  Hatchery  
  97  16:15  Baneling x3  
  97  16:16  Baneling x9  
  97  16:17  Baneling x3, Zergling x4  
  97  16:18  Zergling x16  
  105  16:19  Zergling x4  
  107  16:34  Zergling x4  
  107  16:35  Zergling x4  
  111  16:52  Zergling x2  
  111  16:53  Zergling x16  
  120  17:06  Zergling x10  
  120  17:07  Zergling x2  
  126  17:16  Zergling x12  
  126  17:20  Zergling x6  
Show
View Real Time Build Order
Export as new Build Order

Massa Terran - Winner!

Build Orders: 2 Factory 

Get SALT Encoding   

  12  0:00  SCV  
  13  0:12  SCV  
  14  0:19  Supply Depot  
  14  0:24  SCV  
  15  0:41  SCV  
  15  0:42  Barracks  
  16  0:47  Refinery  
  16  0:53  SCV  
  17  1:05  SCV  
  18  1:17  SCV  
  19  1:29  Orbital Command  
  19  1:33  Marine  
  20  1:45  Command Center  
  20  2:08  Barracks Tech Lab  
  20  2:10  SCV  
  21  2:19  Refinery  
  21  2:27  Marine, Factory  
  22  2:39  Supply Depot, SCV  
  23  2:50  Factory  
  23  2:56  Marine  
  23  2:57  SCV  
  25  3:16  Orbital Command  
  25  3:23  Hellion  
  25  3:24  Barracks Reactor  
  27  3:32  Infernal Pre-Igniter  
  27  3:33  SCV  
  28  3:39  Hellion  
  30  3:44  SCV  
  30  3:45  SCV  
  32  3:53  Supply Depot  
  32  3:56  SCV  
  32  3:58  SCV  
  32  4:00  Starport  
  34  4:08  SCV  
  35  4:15  Engineering Bay  
  35  4:17  Barracks Tech Lab  
  35  4:21  Hellion x3  
  41  4:27  SCV x2  
  41  4:30  Barracks  
  43  4:37  Supply Depot  
  43  4:39  SCV  
  43  4:42  Missile Turret, Hellion  
  43  4:44  Missile Turret  
  46  4:49  Missile Turret, Hellion  
  46  4:50  Hellion  
  50  4:56  Stimpack  
  50  4:58  Marine  
  51  5:01  SCV  
  51  5:04  SCV  
  53  5:15  Hellion x2  
  57  5:29  SCV x2  
  57  5:31  Terran Infantry Weapons Level 1  
  57  5:33  Medivac  
  61  5:37  Refinery  
  61  5:41  SCV  
  62  6:04  Supply Depot x2  
  62  6:05  Supply Depot  
  62  6:07  Command Center  
  62  6:25  Medivac, Marine  
  62  6:26  Widow Mine x2, Siege Tank, SCV x2  
  62  6:30  Supply Depot  
  74  6:38  SCV x2  
  76  6:43  Marine  
  77  7:14  Widow Mine x2  
  77  7:18  Medivac  
  77  7:21  SCV x2  
  81  7:25  Refinery  
  81  7:28  Barracks Reactor  
  81  7:33  SCV  
  81  7:34  SCV  
  83  7:45  SCV  
  83  7:46  SCV  
  85  7:53  Planetary Fortress  
  85  7:58  SCV x2  
  87  8:07  Marine x2, Marauder  
  87  8:09  Combat Shield  
  87  8:10  SCV x2  
  91  8:22  SCV  
  91  8:25  Marine x2  
  94  8:28  Marauder  
  96  8:42  Marine  
  96  8:43  Marine  
  96  8:48  Command Center, Barracks  
  98  8:49  Barracks x4  
  98  8:50  Marauder  
  98  8:51  SCV x3  
  103  9:03  SCV x2  
  103  9:04  SCV  
  106  9:11  Marauder  
  106  9:15  SCV  
  107  9:23  SCV x2  
  109  9:38  Marine  
  109  9:41  Supply Depot x4  
  109  9:42  Supply Depot  
  109  9:43  Supply Depot  
  109  9:44  Supply Depot  
  108  9:55  Marine, SCV  
  108  9:56  Marauder  
  101  10:02  Marine, Siege Tank, SCV x2  
  101  10:03  Widow Mine x2  
  111  10:10  Supply Depot  
  111  10:13  Marine  
  112  10:17  Supply Depot, Marauder  
  112  10:20  Marine  
  115  10:24  Widow Mine, SCV  
  115  10:25  SCV x2  
  120  10:28  Refinery  
  120  10:29  Refinery  
  120  10:30  Command Center  
  120  10:31  Barracks Reactor, Marine, Barracks Tech Lab x2  
  120  10:32  Barracks Reactor, Barracks Tech Lab  
  120  10:34  Siege Tank  
  123  10:36  SCV  
  123  10:38  Marauder  
  126  10:48  Sensor Tower  
  126  11:00  Marauder  
  128  11:05  Concussive Shells  
  128  11:07  Missile Turret  
  128  11:08  Medivac  
  128  11:09  Marauder x2  
  128  11:10  Marine x2, Marauder  
  128  11:11  Marine x2  
  139  11:12  Marine x2  
  139  11:17  Siege Tank  
  145  11:20  Widow Mine x2  
  145  11:21  Marauder  
  149  11:28  Marine x3, Missile Turret  
  149  11:29  Marine x2  
  149  11:30  Marine  
  149  11:31  Marauder x3  
  153  11:38  Medivac  
  155  11:41  Armory, Hellion x2  
  155  11:43  Marauder  
  155  11:46  Engineering Bay  
  161  11:47  Terran Infantry Armor Level 1  
  161  11:49  Siege Tank  
  161  11:52  Marauder x3  
  170  11:57  Missile Turret  
  170  12:02  SCV  
  170  12:03  Hellion x2, SCV x2  
  170  12:04  Marauder  
  179  12:14  SCV  
  179  12:15  SCV x2  
  182  12:17  Missile Turret  
  182  12:21  Missile Turret  
  182  12:25  Missile Turret  
  182  12:26  SCV  
  182  12:27  SCV  
  181  12:32  Planetary Fortress  
  181  12:36  Marine, Marauder x3  
  188  12:37  Missile Turret  
  188  12:40  Marine  
  188  12:42  Marine x2, Supply Depot  
  188  12:43  Marine  
  188  12:45  Marine, Supply Depot  
  188  12:46  Supply Depot  
  188  12:47  Supply Depot  
  188  12:49  Supply Depot  
  187  12:54  Supply Depot, SCV  
  188  13:03  Sensor Tower  
  188  13:04  Marine, Marauder x2, SCV x2  
  195  13:06  SCV  
  195  13:07  Marauder x2  
  195  13:09  Supply Depot  
  158  13:41  Marine, Marauder x4  
  131  13:42  Marine x4  
  125  13:51  Widow Mine  
  125  13:52  Widow Mine  
  125  13:54  Siege Tank  
  120  13:56  Medivac  
  120  14:01  SCV x4  
  120  14:02  Marauder  
  124  14:03  Marauder x2  
  124  14:05  Missile Turret  
  124  14:06  Missile Turret  
  128  14:10  Marine  
  128  14:11  Marine x6  
  128  14:13  Widow Mine x2  
  128  14:15  Terran Infantry Armor Level 2  
  128  14:16  Terran Infantry Weapons Level 2  
  139  14:18  Terran Vehicle Weapons Level 1  
  139  14:23  Marine  
  139  14:24  Marine x2  
  141  14:26  Medivac, Siege Tank  
  141  14:28  Marine x2  
  141  14:29  Marine x5  
  150  14:41  Marine  
  150  14:42  Marauder x2  
  144  14:47  Marauder  
  144  14:50  Marine  
  144  14:51  Marine x5  
  123  14:55  Medivac  
  123  14:59  Marauder  
  120  15:01  Widow Mine x3  
  120  15:03  Marauder x2  
  121  15:08  Marine x4, Marauder  
  121  15:21  Marauder  
  122  15:23  Siege Tank  
  122  15:25  Medivac, Marauder  
  125  15:30  Widow Mine x2  
  125  15:32  Marine x4, Marauder x2  
  125  15:33  Marine x2  
  139  15:36  Refinery  
  139  15:38  Refinery  
  139  15:40  Command Center  
  139  15:42  Marauder  
  141  15:46  Marauder  
  141  15:48  Command Center  
  143  15:52  Widow Mine x2  
  143  15:54  Armory  
  143  15:55  Medivac, Siege Tank  
  152  16:13  Widow Mine x2, Marauder  
  152  16:14  Marine, Marauder x3  
  152  16:15  Marine x4  
  152  16:18  Smart Servos  
  169  16:25  Medivac  
  169  16:27  Siege Tank  
  174  16:35  Marauder x2  
  178  16:46  Sensor Tower  
  178  16:55  Medivac  
  178  16:59  Siege Tank  
  183  17:04  Missile Turret  
  183  17:06  Missile Turret  
  183  17:11  Missile Turret  
  183  17:26  Missile Turret  
Tags
 
Add a new tag
Caveats
  • Supply blocks, unpowered buildings, or Contaminate may cause inaccurate times.
  • Supply counts are checked every 10 seconds.